 Dungeon Crawl Stone Soup version 0.18.1-6-gd335043 (webtiles) character file.

21 stauk the Sneak (level 3, -6/20 HPs)
             Began as a Kobold Enchanter on May 20, 2016.
             Mangled by a worm (8 damage)
             ... on level 2 of the Dungeon.
             The game lasted 00:09:05 (1511 turns).

stauk the Sneak (Kobold Enchanter)                  Turns: 1511, Time: 00:09:06

Health: -6/20      AC:  3    Str:  6    XL:     3   Next: 2%
Magic:  1/6        EV: 15    Int: 13    God:
Gold:   26         SH:  0    Dex: 17    Spells: 2 memorised, 3 levels left

rFire  . . .     SeeInvis .     a - +1 dagger
rCold  . . .     Gourm    .     b - +1 robe
rNeg   . . .     Faith    .     (shield restricted)
rPois  +         Spirit   .     (no helmet)
rElec  .         Dismiss  .     (no cloak)
rCorr  .         Reflect  .     (no gloves)
SustAt .         Harm     .     (no boots)
MR     .....                    (no amulet)
Stlth  +++.......               (no ring)
                                f - ring of poison resistance

@: not resistant to hostile enchantments, fairly stealthy
A: carnivore 3
a: no special abilities


You were on level 2 of the Dungeon.
You were not hungry.

You visited 1 branch of the dungeon, and saw 2 of its levels.

You collected 26 gold pieces.

Inventory:

Hand Weapons
 a - a +1 dagger (weapon)
 t - a +0 scythe
Missiles
 e - 17 arrows
 g - 2 throwing nets (quivered)
 l - 13 bolts
Armour
 b - a +1 robe (worn)
Jewellery
 f - a ring of poison resistance (left hand)
Scrolls
 k - a scroll of teleportation {unknown}
 n - a scroll of identify {unknown}
 p - a scroll of recharging {unknown}
 q - a scroll of enchant armour {unknown}
 r - a scroll of remove curse {unknown}
Potions
 j - a potion of curing {unknown}
 m - a potion of lignification {unknown}
 o - a potion of agility {unknown}
 s - a potion of berserk rage {unknown}
 u - 2 potions of brilliance {unknown}
Books
 c - a book of Maledictions

   Spells                             Type                      Level
   a - Corona                         Hexes                        1
   b - Ensorcelled Hibernation        Hexes/Ice                    2
   c - Confuse                        Hexes                        3
   d - Tukima's Dance                 Hexes                        3
   e - Dazzling Spray                 Conjuration/Hexes            3
Comestibles
 d - a meat ration
 h - 3 bread rations
 i - a slice of pizza


   Skills:
 + Level 0.9 Fighting
 * Level 1.8 Short Blades
 + Level 2.5 Dodging
 * Level 4.3 Stealth
 + Level 2.1 Spellcasting
 * Level 3.2 Hexes


You had 3 spell levels left.
You knew the following spells:

 Your Spells              Type           Power        Failure   Level  Hunger
a - Corona                Hex            #......      10%         1    ##.....
b - Ensorcelled Hibernat  Hex/Ice        #.....       21%         2    ###....


Dungeon Overview and Level Annotations

Branches:
Dungeon (2/15)

Altars:
Ashenzari


Innate Abilities, Weirdness & Mutations

You are small and have problems with some larger weapons.
You are carnivorous and can eat meat at any time.


Message History

You hit the worm.
The worm is almost dead.
You hit the worm.
The worm is almost dead.
The worm completely misses you.
You hit the worm but do no damage.
The worm is almost dead.
You barely miss the worm.
The worm is almost dead.
The worm bites you.
You barely miss the worm.
The worm is almost dead.
You hit the worm but do no damage.
The worm is almost dead.
The worm bites you!
* * * LOW HITPOINT WARNING * * *
You hit the worm.
The worm is almost dead.
The worm bites you!
You die...

#...... #...... ♣......
#...... ♣♣♣.... ......
♣♣ ♣.... ♣#♣.♣.♣.#.♣♣
♣♣... ...........♣ ♣...
♣#♣.♣.♣.♣....♣♣ ♣♣...
#...#...##....♣♣♣♣♣♣..##
......w@............#...
.......#................
........................
.......P..........##....
........................
.PP....PP...........#.##
P♣♣....♣♣...........#.##
♣.♣... ♣.....#####.....
♣♣.... ♣PPP..## ##....


You could see a worm.

Vanquished Creatures
  A dart slug (D:1)
  5 bats
  2 giant cockroaches
  2 goblins
  A hobgoblin (D:1)
  2 giant cockroach zombies (D:1)
  A giant newt (D:1)
  A kobold (D:1)
  5 rats (D:1)
20 creatures vanquished.

Notes
Turn   | Place    | Note
--------------------------------------------------------------
     0 | D:1      | stauk the Kobold Enchanter began the quest for the Orb.
     0 | D:1      | Reached XP level 1. HP: 10/10 MP: 3/3
   212 | D:1      | Reached XP level 2. HP: 16/16 MP: 5/5
   216 | D:1      | Learned a level 2 spell: Ensorcelled Hibernation
  1042 | D:2      | Found a shattered altar of Ashenzari.
  1273 | D:2      | Reached XP level 3. HP: 19/20 MP: 6/6
  1511 | D:2      | Mangled by a worm

Action                   || total
-------------------------++-------
Melee: Dagger            ||    76
 Cast: Corona            ||     7
       Ensorcelled Hiber ||     9
 Stab: Sleeping          ||    11
  Eat: Chunk             ||     4
Armor: Robe              ||    21
Dodge: Dodged            ||    69
